 Dungeon Crawl Stone Soup version 0.30-a0-528-g8c47a4955b (webtiles) character file.

Game seed: 9884355707160840999

11206 drugrobin the Grappler (level 11, 0/129 HPs)
             Began as a Demigod Delver on Dec 23, 2022.
             Slain by an entropy weaver (13 damage)
             ... in a Gauntlet.
             The game lasted 00:55:07 (13921 turns).

drugrobin the Grappler (Demigod Delver)            Turns: 13921, Time: 00:55:08

Health: 0/129      AC:  5    Str: 23    XL:     11   Next: 22%
Magic:  20/20      EV: 13    Int: 12    God:
Gold:   68         SH:  0    Dex: 19    Spells: 12/18 levels left

rFire   . . .      SeeInvis .      - Unarmed
rCold   . . .      Faith    .    (no shield)
rNeg    . . .      Spirit   .    g - +0 troll leather armour
rPois   +          Reflect  .    p - +0 helmet
rElec   .          Harm     .    (no cloak)
rCorr   +          Rampage  .    (no gloves)
Will    +....      NoTele   +    (no boots) Stlth
                                 (no amulet)
HPRegen 1.21/turn                J - ring of resist corrosion
MPRegen 0.17/turn                N - ring "Qaqiej" {Drain rPois AC+4 Str+2}

@: berserking, corroded, very quick
A: high MP 1, forlorn, divine attributes
a: no special abilities


You were in a Gauntlet.
You visited 2 branches of the dungeon, and saw 12 of its levels.
You also visited: Gauntlet.

You collected 653 gold pieces.
You spent 585 gold pieces at shops.

Inventory:

Hand Weapons
 b - a +7 dagger of electrocution
Missiles
 q - 53 poisoned darts
 r - 8 boomerangs (quivered)
Armour
 g - a +0 troll leather armour (worn)
 p - a +0 helmet (worn)
 T - a +0 ring mail of cold resistance
 U - the +1 helmet of Xogig {*Slow rF- rN+++ rCorr}
   (You bought it in a shop on level 10 of the Dungeon)

   rF:        It makes you vulnerable to fire.
   rN:        It renders you almost immune to negative energy.
   rCorr:     It protects you from acid and corrosion.
   *Slow:     It may slow you when you take damage.
Jewellery
 F - the ring of Voub {rPois rF+ rN+ AC+4 Int-4}
   (You found it on level 4 of the Dungeon)

   [ring of protection]

   AC:        It affects your AC (+4).
   Int:       It affects your intelligence (-4).
   rF:        It protects you from fire.
   rPois:     It protects you from poison.
   rN:        It protects you from negative energy.
 I - a ring of protection from cold
 J - a ring of resist corrosion (left hand)
 N - the ring "Qaqiej" (right hand) {Drain rPois AC+4 Str+2}
   (You found it on level 8 of the Dungeon)

   [ring of protection]

   AC:        It affects your AC (+4).
   Str:       It affects your strength (+2).
   rPois:     It protects you from poison.
   Drain:     It drains your maximum health when unequipped.
 P - a ring of protection from fire
Wands
 h - a wand of mindburst (7)
 j - a wand of polymorph (9)
 B - a wand of paralysis (6)
 Q - a wand of quicksilver (6)
Scrolls
 l - 3 scrolls of noise {unknown}
 n - 4 scrolls of blinking {unknown}
 o - a scroll of poison
 t - 4 scrolls of fog
 w - 4 scrolls of teleportation {unknown}
 y - a scroll of summoning {unknown}
 D - a scroll of silence
 K - a scroll of amnesia
 O - a scroll of torment
 S - a scroll of vulnerability {unknown}
 V - a scroll of fear
Potions
 a - a potion of lignification
 c - 5 potions of heal wounds
 i - 4 potions of degeneration {unknown}
 k - 4 potions of mutation {unknown}
 m - 2 potions of ambrosia {unknown}
 s - 4 potions of might
 u - 9 potions of curing
 v - 3 potions of attraction {unknown}
 x - 8 potions of brilliance
 E - 2 potions of haste
 G - a potion of invisibility {unknown}
 H - a potion of cancellation {unknown}
 M - a potion of resistance {unknown}
Miscellaneous
 d - a lightning rod (4/4)
 R - a piece from Xom's chessboard (15/15)


   Skills:
 + Level 5.0 Fighting
 + Level 3.1 Dodging
 - Level 4.5 Stealth
 * Level 12.5 Unarmed Combat
 - Level 4.0 Spellcasting
 - Level 7.9 Transmutations
 - Level 4.0 Evocations


You had 12 spell levels left.
You knew the following spells:

 Your Spells              Type           Power      Damage    Failure   Level
a - Sting                 Tmut/Pois      44%        1d5       4%          1
b - Mephitic Cloud        Conj/Pois/Air  2%         N/A       58%         3
c - Passwall              Tmut/Erth      9%         N/A       8%          2

Your spell library contained the following spells:

 Spells                   Type           Power      Damage    Failure   Level
 Ensorcelled Hibernation  Hex/Ice        4%         N/A       36%         2
 Call Canine Familiar     Summ           2%         N/A       58%         3
 Confusing Touch          Hex            2%         N/A       58%         3
 Gell's Gravitas          Tloc           2%         N/A       58%         3
 Lesser Beckoning         Tloc           4%         N/A       58%         3
 Portal Projectile        Hex/Tloc       4%         N/A       58%         3
 Swiftness                Air            2%         N/A       58%         3
 Teleport Other           Tloc           2%         N/A       58%         3
 Airstrike                Air            1%         2d(1-17)  94%         4
 Leda's Liquefaction      Hex/Erth       1%         N/A       94%         4
 Olgreb's Toxic Radiance  Pois           2%         N/A       94%         4
 Summon Lightning Spire   Summ/Air       2%         N/A       94%         4
 Lightning Bolt           Conj/Air       1%         1d12      100%        5
 Summon Forest            Summ/Tloc      1%         N/A       100%        5
 Eringya's Noxious Bog    Tmut/Pois      5%         N/A       100%        6
 Ozocubu's Refrigeration  Ice            1%         4d7       100%        7
 Summon Hydra             Summ           1%         N/A       100%        7
 Ignition                 Fire           1%         3d3       100%        8


Dungeon Overview and Level Annotations

Branches:
Dungeon (11/15)            Temple (0/1) D:5            Lair (1/5) D:9
    Orc (0/2) D:10        Gauntlet (1/1)

Shops:
D:1 [   D:9 !   D:10 [:![

Annotations:
D:3 Sigmund
D:6 Menkaure
D:7 Dowan, Duvessa Gauntlet 9 transporters, 2 runed translucent doors, exclusion: obsidian statue


Innate Abilities, Weirdness & Mutations

You have an increased reservoir of magic. (+10% MP)
You shall have no god before yourself.
Your divine heritage dramatically boosts your attributes as you level up.


Message History

Unknown command.
Unknown command.
You barely miss the entropy weaver. Your punch misses the entropy weaver.
The entropy weaver is moderately wounded.
Unknown command.
Unknown command.
You barely miss the entropy weaver.
The entropy weaver is moderately wounded.
The entropy weaver barely misses you. x2; The entropy weaver misses you.
The entropy weaver hits you.
Unknown command.
You hit the entropy weaver.
The entropy weaver is moderately wounded.
The entropy weaver hits you!
The entropy weaver hits you but does no damage.
The entropy weaver hits you!
* * * LOW HITPOINT WARNING * * *
The entropy weaver closely misses you.
Unknown command.
You punch the entropy weaver! Your punch misses the entropy weaver.
The entropy weaver is heavily wounded.
Unknown command.
Unknown command.
You pummel the entropy weaver!!
The entropy weaver is almost dead.
The entropy weaver hits you.
* * * LOW HITPOINT WARNING * * *
The entropy weaver hits you!
* * * LOW HITPOINT WARNING * * *
The entropy weaver hits you!
* * * LOW HITPOINT WARNING * * *
The entropy weaver barely misses you.
Unknown command.
Unknown command.
You completely miss the entropy weaver.
The entropy weaver is almost dead.
The entropy weaver hits you!
* * * LOW HITPOINT WARNING * * *
The entropy weaver hits you!
You die...

≈≈#≈≈≈#≈≈≈#≈≈≈#..♣P......♣..#≈≈≈#
≈...............PP...∩....P......
#..♣P.P♣P..♣..P♣P..........♣P..♣.
≈................................
≈.#########.#########.#########.#
≈.#.)W©WW.#.#.."©[$.#.#.##©[!.#.#
#.#....##.#.#...8...#.#..##=..#.#
≈.#..##W#.#.#8.8.8.8#.#...##..#.#
≈.#..#©W#.#.##8.@.8##.#.#.©##.#.#
≈.#.#.W##W#.#8s8B8.8#.#.##^.#.#.#
#.#.####.W#.#...8...#.#..##...#.#
≈.#.......#.#..8#8..#.#...##..#.#
≈.###################.###########
≈....#©....©....©#.......#©....©.
#..♣.#############...♣...########
≈..P...#..#©#..#....P......####©#
≈.PP.♣.#.#.#.#.#..P#≈#≈#P..###.)?


You could see an entropy weaver, a jumping spider (paralysed) and 2 shadows.

Vanquished Creatures
  A death yak (D:8)
  A fire crab (Gauntlet)
  Pikel (D:5)
  An orc sorcerer (D:10)
  A black mamba (Lair:1)
  2 kobold demonologists
  A troll (D:9)
  3 shadows
  4 fire bats (Gauntlet)
  A wraith (D:10)
  10 yaks (D:10)
  2 basilisks
  3 wyverns
  A steam dragon (D:9)
  3 water moccasins
  5 orc warriors
  3 ice beasts
  2 sky beasts
  4 centaurs
  A lemure (D:5)
  4 phantoms
  4 kobold brigands
  2 bullfrogs
  2 scorpions
  18 wights
  9 killer bees
  An electric eel (Lair:1)
  4 howler monkeys
  A gnoll bouda (D:6)
  6 orc priests
  A hound (D:4)
  A jelly (D:8)
  An iguana (D:6)
  11 orc wizards
  A hell rat (D:9)
  6 ogre zombies (D:10)
  4 gnolls
  7 adders
  2 river rats (D:9)
  A white imp (D:6)
  An ufetubus (D:5)
  5 worms
  3 dart slugs
  36 orcs
  8 ball pythons
  3 endoplasms
  3 giant cockroaches
  4 goblins
  4 hobgoblins
  4 jackals
  3 quokkas
  7 bats
  5 frilled lizards
  4 goblin zombies (D:10)
  3 hobgoblin skeletons (D:10)
  A hobgoblin zombie (D:10)
  24 kobolds
  4 orc skeletons (D:10)
  7 orc zombies (D:10)
  8 rats
273 creatures vanquished.

Vanquished Creatures (others)
  3 plants
  12 toadstools (Lair:1)
15 creatures vanquished.

Grand Total: 288 creatures vanquished

Notes
Turn   | Place    | Note
-------+----------+-------------------------------------------
     0 | D:5      | drugrobin the Demigod Delver began the quest for the Orb.
     0 | D:5      | Reached XP level 1. HP: 18/18 MP: 3/3
    40 | D:5      | Noticed a jelly
    83 | D:5      | Noticed a lemure
    95 | D:5      | Noticed a lemure
   106 | D:5      | Noticed an orc wizard
   106 | D:5      | Noticed an orc priest
   109 | D:5      | Found a staircase to the Ecumenical Temple.
   165 | D:5      | Noticed a phantom
   180 | D:5      | Noticed an ice beast
   190 | D:5      | Noticed a lemure
   376 | D:4      | Noticed a howler monkey
   389 | D:4      | Reached skill level 2 in Unarmed Combat
   516 | D:4      | Noticed an orc wizard
   653 | D:4      | Killed a howler monkey
   654 | D:4      | Reached skill level 3 in Unarmed Combat
   654 | D:4      | Reached XP level 2. HP: 4/25 MP: 4/4
   654 | D:4      | Reached XP level 3. HP: 5/30 MP: 5/5
  1268 | D:3      | Noticed Sigmund
  1755 | D:2      | Reached skill level 4 in Unarmed Combat
  1915 | D:1      | Found Miresoadgh's Antique Armour Boutique.
  1976 | D:1      | Reached XP level 4. HP: 30/37 MP: 6/6
  2279 | D:1      | Got Jeschust's Collected Works on Bewitching Blight
  2282 | D:1      | Learned a level 1 spell: Sting
  3165 | D:2      | Reached skill level 1 in Transmutations
  4167 | D:4      | Reached XP level 5. HP: 42/42 MP: 7/7
  4261 | D:4      | Reached skill level 5 in Unarmed Combat
  4467 | D:4      | Reached XP level 6. HP: 39/50 MP: 4/8
  4467 | D:4      | Identified the ring of Voub {rPois rF+ rN+ AC+4 Int-4}
  4958 | D:5      | Noticed Ijyb
  5105 | D:4      | Reached skill level 6 in Unarmed Combat
  5709 | D:5      | Reached XP level 7. HP: 55/56 MP: 6/10
  5817 | D:5      | Ijyb changed into Ijyb the wyvern
  5817 | D:5      | Noticed Ijyb
  5819 | D:5      | Killed Ijyb the wyvern
  5820 | D:5      | Reached skill level 1 in Spellcasting
  5952 | D:5      | Reached skill level 7 in Unarmed Combat
  6037 | D:5      | Noticed Pikel
  6056 | D:5      | Killed Pikel
  6057 | D:5      | Reached XP level 8. HP: 34/62 MP: 12/14
  7117 | D:6      | Noticed Menkaure
  7170 | D:6      | Reached skill level 8 in Unarmed Combat
  7718 | D:7      | HP: 3/62 [killer bee (7)]
  7975 | D:7      | Reached skill level 5 in Transmutations
  8182 | D:7      | Reached XP level 9. HP: 68/68 MP: 17/17
  8291 | D:7      | Noticed Duvessa
  8291 | D:7      | Noticed Dowan
  8630 | D:8      | Identified the ring "Qaqiej" {Drain rPois AC+4 Str+2}
  9090 | D:8      | Reached skill level 9 in Unarmed Combat
  9538 | D:8      | Learned a level 3 spell: Mephitic Cloud
 10135 | D:9      | Reached skill level 10 in Unarmed Combat
 10149 | D:9      | Learned a level 2 spell: Passwall
 10427 | D:9      | Noticed a death yak
 10554 | D:9      | Found Bouloz's Distillery.
 10627 | D:9      | Bought a potion of flight for 39 gold pieces
 10627 | D:9      | Bought a potion of lignification for 39 gold pieces
 10627 | D:9      | Bought a potion of might for 52 gold pieces
 10627 | D:9      | Bought 2 potions of curing for 78 gold pieces
 10673 | D:9      | Reached XP level 10. HP: 73/74 MP: 4/19
 10985 | D:9      | Noticed a death yak
 11053 | D:10     | Entered Level 10 of the Dungeon
 11053 | D:10     | Found Lacein's Book Boutique.
 11136 | D:10     | Noticed an orc sorcerer
 11153 | D:10     | Killed an orc sorcerer
 11159 | D:10     | Reached skill level 11 in Unarmed Combat
 11197 | D:10     | Found a staircase to the Orcish Mines.
 11346 | D:10     | Found Racamol's Distillery.
 11355 | D:10     | Bought a potion of brilliance for 48 gold pieces
 11355 | D:10     | Bought a potion of berserk rage for 60 gold pieces
 11355 | D:10     | Bought a potion of heal wounds for 60 gold pieces
 11380 | D:10     | Found Doaxkel's Antique Armour Shoppe.
 11881 | D:10     | Found Uluinam's Antique Armour Boutique.
 12583 | D:10     | Bought a bloodstained helmet for 209 gold pieces
 12583 | D:10     | Identified the +1 helmet of Xogig {*Slow rF- rN+++ rCorr}
                  | (You bought it in a shop on level 10 of the Dungeon)
 12679 | D:9      | Noticed a death yak
 12688 | D:8      | Killed a death yak
 12800 | D:9      | Found a staircase to the Lair.
 12837 | Lair:1   | Entered Level 1 of the Lair of Beasts
 12897 | Lair:1   | Reached skill level 12 in Unarmed Combat
 12944 | Lair:1   | Noticed a black mamba
 12964 | Lair:1   | Killed a black mamba
 13039 | Lair:1   | Noticed a catoblepas
 13390 | D:11     | Reached XP level 11. HP: 81/85 MP: 17/20
 13461 | D:11     | Found a gate leading to a gauntlet.
 13487 | Gauntlet | Entered a Gauntlet
 13487 | Gauntlet | Found a transporter.
 13494 | Gauntlet | Found a transporter.
 13496 | Gauntlet | Found a transporter.
 13507 | Gauntlet | Found a transporter.
 13510 | Gauntlet | Found a transporter.
 13519 | Gauntlet | Found a transporter.
 13535 | Gauntlet | Found a transporter.
 13537 | Gauntlet | Noticed an entropy weaver
 13546 | Gauntlet | Found a transporter.
 13554 | Gauntlet | Noticed a quicksilver ooze
 13558 | Gauntlet | Found a transporter.
 13575 | Gauntlet | Found a transporter.
 13576 | Gauntlet | Noticed an obsidian statue
 13585 | Gauntlet | Found a runed translucent door.
 13586 | Gauntlet | Found a transporter.
 13586 | Gauntlet | Found a transporter.
 13587 | Gauntlet | Found a runed translucent door.
 13628 | Gauntlet | Found a transporter.
 13642 | Gauntlet | Found a transporter.
 13656 | Gauntlet | Noticed a fire crab
 13759 | Gauntlet | Killed a fire crab
 13832 | Gauntlet | Reached skill level 5 in Fighting
 13921 | Gauntlet | Slain by an entropy weaver

Illustrated notes

Levels and vault maps discovered:
D:1:      lightli_arrival_windingriver, layout_basic, serial_shops,
          nicolae_shop_hallway_stairs, grunt_decor_mini_mirrors,
          nrook_loot_triangle, hangedman_glass_teeth, reono_crystal_passage,
          chequers_serial_rivers_large_b, minmay_misc_feat_doors, st_stairs_5
D:2:      layout_loops_ring, basic_altar
D:3:      layout_basic, elyvilon_altar_5, uniq_sigmund
D:4:      minmay_general_purpose_star, layout_cave_pods,
          mainiacjoe_overflow_paths, tgw_sif, minivault_23,
          kennysheep_generic_room_9
D:5:      layout_cave_pools, marbit_many_paths, nicolae_overflow_hidden_temple,
          minmay_temple_entry_grid, minmay_misc_feat_cross, uniq_ijyb,
          uniq_pikel
D:6:      layout_loops_corners, overflow_temple_1_default, uniq_menkaure
D:7:      layout_gridville, uniq_duvessa
D:8:      layout_loops_cross
D:9:      layout_gridville, dpeg_lair_monsters, serial_shops, nicolae_shop_trees
D:10:     layout_irregular_city, zombieorc1_lemuel, serial_shops,
          nicolae_shop_statue_plus, nicolae_shop_window_shopping,
          nicolae_lakefront_shop, nicolae_take_the_stairs
D:11:     layout_irregular_city, serial_shops, nicolae_shop_trees,
          gauntlet_entry_generic, minmay_misc_feat_iff, nicolae_alphabet_shops,
          kennysheep_small_square
Lair:1:   gammafunk_lair_enchanted_lake, layout_regular_city, minivault_27,
          minivault_25, infiniplex_staircase_pool
Gauntlet: minmay_gauntlet_77_tree [minmay_gauntlet_arena_77_two_paths,
          minmay_gauntlet_arena_77_cramped, minmay_gauntlet_arena_77_braids,
          minmay_gauntlet_arena_77_mirror, minmay_gauntlet_arena_77_two_lines,
          minmay_gauntlet_arena_77_terracotta_army,
          minmay_gauntlet_arena_77_hold_the_fort,
          nicolae_gauntlet_exit_dead_adventurers]

Skill      XL: |  1  2  3  4  5  6  7  8  9 10 11 |
---------------+----------------------------------+-----
Unarmed Combat | 3 4 5 6 7 8 10 12 | 12.5
Transmutations | 1 2 3 4 5 6 7 |  7.9
Spellcasting   | 2 3 4 |  4.0
Evocations     | 2 3 4 |  4.0
Fighting       | 4 5 |  5.0
Dodging        | 2 3 |  3.1
Stealth        | |  4.5

Action                   |  1- 3 |  4- 6 |  7- 9 | 10-12 || total
-------------------------+-------+-------+-------+-------++-------
Melee: Unarmed           |   143 |   181 |   311 |   346 ||   981
       War axe           |     7 |    20 |       |       ||    27
       Punch             |     2 |     6 |    23 |    23 ||    54
       Dagger            |       |       |    22 |    28 ||    50
Throw: Dart              |       |     7 |     3 |     2 ||    12
       Boomerang         |       |       |    37 |    17 ||    54
 Cast: Sting             |       |    35 |    67 |    27 ||   129
       Passwall          |       |       |     8 |     6 ||    14
Evoke: Wand              |     3 |     2 |    12 |     3 ||    20
       Lightning rod     |       |       |     3 |       ||     3
  Use: Scroll            |     2 |     1 |     6 |     2 ||    11
       Potion            |     3 |       |     1 |     3 ||     7
 Stab: Distracted        |     2 |       |       |     3 ||     5
       Sleeping          |     5 |    13 |     4 |     7 ||    29
       Paralysed         |       |       |     7 |     5 ||    12
Armor: Robe              |    36 |    60 |   108 |       ||   204
       Troll leather arm |       |       |       |   133 ||   133
Dodge: Dodged            |    78 |   102 |   197 |   161 ||   538
Block: Buckler           |       |       |     3 |       ||     3

Table legend: (Time is in decaauts)
 A = Elapsed time spent in this place.
 B = Non-inter-level travel time spent in this place.
 C = Inter-level travel time spent in this place.
 D = Time resting spent in this place.
 E = Time spent auto-exploring this place.
 F = Levels seen in this place.
 G = Mean time per level.
                   A        B        C        D        E       F      G
               +--------+--------+--------+--------+--------+-----+--------+
         Total |  13796 |  13020 |    776 |   1239 |   7606 |  13 | 1061.2 |
       Dungeon |  13035 |  12259 |    776 |   1195 |   7291 |  11 | 1185.0 |
          Lair |    342 |    342 |      0 |      7 |    101 |   1 |  342.0 |
      Gauntlet |    419 |    419 |      0 |     36 |    214 |   1 |  419.0 |
               +--------+--------+--------+--------+--------+-----+--------+

Top non-repeatable levels by time:
     D:4: 1966 daAuts
    D:10: 1539 daAuts
     D:5: 1372 daAuts
     D:8: 1348 daAuts
     D:9: 1321 daAuts
     D:3: 1252 daAuts
     D:7: 1207 daAuts
     D:6: 1166 daAuts
     D:1: 898 daAuts
     D:2: 870 daAuts
Gauntlet: 419 daAuts
  Lair:1: 342 daAuts
    D:11: 91 daAuts
